Map: Prion Terraces

Players

vaitsa

  • Race: Terran Terran

Gracz - Winner!

  • Race: Terran Terran

VOD

Have the link to the VOD?

Description

Time

  • Played on: March 9, 2016, 3:22 p.m.
  • Length: 30:54
Show
View Real Time Build Order
Export as new Build Order

vaitsa Terran 

Build Orders:  

Get SALT Encoding   

  12  0:06  SCV  
  13  0:18  SCV  
  13  0:20  Supply Depot  
  14  0:31  SCV  
  15  0:43  SCV  
  15  0:48  Refinery  
  16  0:53  Supply Depot  
  16  0:55  SCV  
  17  1:09  SCV  
  18  1:21  SCV  
  19  1:25  Barracks  
  19  1:33  SCV  
  19  1:37  Refinery  
  20  1:43  Supply Depot  
  20  1:45  SCV  
  21  1:57  SCV  
  22  2:10  SCV  
  23  2:20  Supply Depot  
  23  2:21  Barracks Tech Lab  
  23  2:31  Barracks  
  23  2:39  Command Center  
  23  2:48  Marine  
  24  3:06  Marine  
  24  3:11  Command Center  
  25  3:24  Marine  
  26  3:32  Engineering Bay  
  26  3:33  SCV  
  27  3:37  Barracks Reactor  
  27  3:42  Reaper  
  27  3:45  SCV  
  29  4:09  SCV  
  30  4:14  Marauder  
  30  4:15  Supply Depot, Terran Infantry Weapons Level 1  
  32  4:21  SCV  
  32  4:23  Marine  
  34  4:25  Reaper  
  35  4:33  SCV  
  35  4:36  Marauder  
  38  4:41  Reaper  
  38  4:42  SCV  
  38  4:45  SCV  
  41  4:50  Supply Depot  
  41  4:54  SCV  
  41  4:57  Marine, Marauder  
  45  5:10  Orbital Command  
  45  5:13  Reaper  
  46  5:14  Marine  
  46  5:16  Refinery  
  46  5:18  Marauder  
  49  5:21  SCV  
  49  5:22  Refinery  
  50  5:30  Refinery  
  50  5:32  Marine  
  50  5:33  SCV  
  52  5:36  SCV  
  52  5:40  Marauder  
  55  5:45  Marine  
  55  5:48  Supply Depot, SCV  
  57  5:50  Marine  
  58  6:01  Marauder  
  58  6:03  Marine  
  61  6:08  Reaper  
  62  6:11  Factory  
  62  6:20  Missile Turret  
  62  6:21  Reaper  
  63  6:37  SCV  
  63  6:38  Refinery  
  64  6:40  Reaper  
  65  6:49  SCV  
  66  7:00  Missile Turret  
  67  7:01  SCV  
  67  7:07  Missile Turret  
  67  7:09  Factory Tech Lab  
  67  7:13  SCV  
  68  7:25  SCV  
  69  7:40  Starport  
  69  7:45  Missile Turret  
  69  7:46  Concussive Shells  
  69  8:01  Supply Depot  
  69  8:37  Bunker  
  71  8:41  Marauder  
  71  8:43  Marine  
  71  8:44  Marine  
  73  8:56  Supply Depot  
  73  9:01  Marine x2  
  77  9:03  Supply Depot, Marauder  
  77  9:06  Cyclone  
  80  9:10  Mag-Field Accelerator  
  80  9:15  Combat Shields  
  80  9:18  Starport Tech Lab  
  80  9:19  Marine x2  
  84  9:24  Marauder  
  84  9:34  Supply Depot  
  84  9:37  Marine x2  
  89  9:38  Cyclone  
  91  9:45  Marauder  
  91  9:54  Medivac  
  93  10:05  Supply Depot  
  93  10:10  Cyclone  
  96  10:23  Medivac  
  98  10:41  Supply Depot  
  98  10:42  Cyclone  
  101  10:51  Cloaking Field  
  101  10:53  Medivac  
  101  10:55  Terran Infantry Armor Level 1  
  103  11:03  Command Center  
  103  11:10  Supply Depot  
  103  11:14  Cyclone  
  106  11:23  Medivac  
  108  11:28  Factory  
  108  11:45  Supply Depot  
  108  11:47  Cyclone  
  108  12:06  Banshee  
  111  12:18  Missile Turret  
  111  12:19  Cyclone  
  114  12:32  Factory Tech Lab  
  114  12:49  Hi-Sec Auto Tracking, Banshee  
  114  12:51  Siege Tank  
  120  13:02  Refinery  
  120  13:11  Refinery  
  120  13:23  Siege Tank  
  123  13:31  Corvid Reactor  
  123  13:32  Banshee  
  126  13:42  Cyclone  
  129  13:52  Supply Depot  
  129  13:55  Siege Tank  
  132  14:11  Refinery  
  132  14:12  SCV  
  132  14:14  Cyclone  
  132  14:15  Banshee  
  139  14:24  SCV  
  139  14:27  Siege Tank  
  143  14:36  Supply Depot, SCV  
  144  14:46  Cyclone  
  147  14:57  Banshee  
  150  15:04  Fusion Core  
  150  15:40  Banshee  
  153  16:02  Orbital Command  
  153  16:23  Banshee  
  153  16:25  Armory  
  156  16:26  Neosteel Frame  
  156  16:30  Weapon Refit  
  156  17:06  Battlecruiser  
  144  17:59  Explosive Shrapnel Shells  
  144  18:06  Drilling Claws  
  144  18:09  Infernal Pre-Igniter  
  144  18:11  Battlecruiser  
  150  18:17  Terran Ship Weapons Level 1, Supply Depot  
  150  18:21  Terran Infantry Weapons Level 2  
  150  19:12  Refinery  
  150  19:15  Battlecruiser  
  156  19:17  Thor  
  156  19:21  Thor  
  168  20:00  Thor  
  168  20:04  Thor  
  168  20:05  High Capacity Fuel Tanks  
  180  20:12  Terran Vehicle Weapons Level 1  
  180  20:19  Battlecruiser  
  186  20:36  Terran Infantry Armor Level 2  
  186  20:42  Thor  
  186  20:47  Thor  
  198  21:01  Refinery  
  198  21:21  Behemoth Reactor  
  198  21:32  Hyperflight Rotors  
  157  22:06  Terran Vehicle And Ship Armor Level 1  
  124  22:26  Marine x2  
  128  22:30  Marauder  
  128  22:32  Battlecruiser  
  128  22:34  Thor  
  140  22:37  Thor  
  146  22:44  Marine x2  
  148  22:51  Marauder  
  148  22:52  Building Armor  
  148  23:02  Marine x2  
  150  23:12  Marauder  
  152  23:17  Thor  
  152  23:20  Marine x2  
  154  23:34  Marauder  
  145  23:36  Battlecruiser  
  149  23:55  Marauder  
  144  24:00  Thor  
  132  24:18  Thor  
  133  24:32  Terran Infantry Weapons Level 3  
  133  24:41  Battlecruiser  
  133  24:43  Thor  
  145  24:52  Refinery  
  144  25:01  Thor  
  128  25:25  Thor  
  128  25:44  Thor  
  128  25:45  Battlecruiser  
  140  26:09  Cyclone  
  143  26:27  Thor  
  149  26:39  Refinery  
  149  26:41  Cyclone  
  152  26:48  Reaper  
  152  26:49  Battlecruiser  
  152  26:51  Reaper  
  152  26:52  Reaper  
  161  27:20  Reaper  
  162  27:52  Reaper  
  162  27:53  Medivac  
  162  27:57  Siege Tank  
  168  28:17  Terran Ship Weapons Level 2  
  162  28:23  Battlecruiser  
  162  28:24  Reaper  
  145  28:29  Siege Tank  
  100  28:56  Reaper  
  101  29:26  Marine x2  
  101  29:27  Battlecruiser  
  101  29:28  Marauder  
  111  29:44  Marine x2  
  113  29:50  Marauder  
  115  30:02  Marine x2  
  111  30:11  Marauder  
  99  30:20  Marine x2  
  78  30:32  Marauder  
Show
View Real Time Build Order
Export as new Build Order

Gracz Terran - Winner!

Build Orders:  

Get SALT Encoding   

  12  0:03  SCV  
  13  0:15  SCV  
  14  0:43  Supply Depot  
  14  0:49  Refinery  
  14  0:59  Supply Depot  
  14  1:17  Supply Depot  
  14  1:21  SCV  
  15  1:26  Supply Depot  
  15  1:33  SCV  
  15  1:37  Barracks  
  15  1:39  Supply Depot  
  16  1:42  Barracks  
  16  2:02  Supply Depot  
  16  2:22  SCV  
  17  2:34  SCV  
  18  2:54  Barracks Reactor x2  
  18  2:59  Command Center  
  18  3:07  Barracks  
  18  3:15  Barracks  
  18  4:16  Engineering Bay  
  18  4:23  Engineering Bay  
  18  4:29  Barracks Tech Lab  
  18  4:32  Barracks Reactor  
  18  4:36  Factory, SCV  
  18  4:37  Refinery  
  19  4:38  Orbital Command  
  19  4:41  Refinery  
  19  4:43  Refinery  
  19  4:48  Orbital Command  
  19  5:10  Missile Turret  
  19  5:12  SCV  
  20  5:22  Factory Tech Lab  
  20  5:24  SCV  
  21  5:36  Starport, SCV  
  21  5:38  Sensor Tower  
  22  5:45  Siege Tank  
  25  5:51  Combat Shields  
  25  5:53  Marine x2  
  25  5:56  Marine  
  28  6:00  SCV  
  28  6:02  SCV  
  30  6:13  SCV  
  31  6:22  Medivac  
  33  6:31  Starport  
  33  6:41  Starport  
  33  6:53  Starport  
  33  7:09  SCV  
  33  7:12  SCV  
  35  7:21  SCV  
  36  7:24  SCV  
  37  7:33  SCV  
  37  7:36  SCV  
  39  7:45  Starport Tech Lab, SCV  
  39  7:46  Starport Tech Lab  
  39  7:47  Starport Tech Lab  
  39  7:49  Starport Reactor, SCV  
  41  8:01  SCV  
  42  8:16  Armory  
  42  8:30  Terran Infantry Armor Level 1  
  42  8:31  Terran Infantry Weapons Level 1  
  42  8:38  Engineering Bay  
  42  8:40  SCV  
  43  8:49  Banshee x2  
  43  8:52  SCV  
  50  8:58  SCV  
  51  9:04  Armory  
  51  9:10  SCV  
  51  9:12  Cloaking Field  
  52  9:19  High Capacity Fuel Tanks  
  52  9:23  Explosive Shrapnel Shells  
  52  9:30  Stimpack  
  52  9:42  SCV  
  52  9:44  Factory  
  53  9:50  SCV  
  54  9:53  Banshee  
  54  9:54  SCV  
  54  9:55  Armory  
  54  9:57  Banshee  
  61  10:02  SCV  
  61  10:06  SCV  
  63  10:08  Hi-Sec Auto Tracking  
  63  10:18  SCV  
  64  10:29  Command Center  
  64  10:33  Marauder  
  64  10:35  Marine  
  66  10:36  Marine x5  
  66  10:39  Medivac  
  66  10:40  Medivac  
  76  10:45  Fusion Core  
  76  10:53  Marine x2  
  78  11:04  Supply Depot  
  78  11:20  Corvid Reactor  
  78  11:24  Terran Vehicle Weapons Level 1  
  78  11:25  Marine x4, Banshee  
  78  11:26  SCV  
  78  11:29  Terran Vehicle And Ship Armor Level 1  
  78  11:30  Supply Depot  
  78  11:32  Factory Tech Lab  
  86  11:40  Terran Ship Weapons Level 1  
  86  11:41  Marine x2, SCV, Banshee x2  
  86  11:43  Marine x4  
  99  11:53  Supply Depot  
  99  11:55  Sensor Tower  
  99  11:59  Marine x2, Refinery  
  101  12:01  Marine x3  
  104  12:11  Banshee  
  107  12:15  Supply Depot  
  107  12:16  Marine  
  107  12:22  Missile Turret, Orbital Command  
  108  12:24  Banshee  
  108  12:25  Refinery  
  111  12:33  Thor  
  117  12:38  Supply Depot  
  117  12:43  Banshee  
  120  12:51  Terran Infantry Armor Level 2  
  120  13:04  Supply Depot  
  120  13:37  Supply Depot  
  120  14:00  Supply Depot  
  120  14:05  Terran Vehicle Weapons Level 2, Terran Vehicle And Ship Armor Level 2  
  120  14:06  Terran Ship Weapons Level 2  
  120  14:08  Terran Infantry Weapons Level 2  
  120  14:11  Neosteel Frame  
  120  14:23  Supply Depot  
  120  14:34  Command Center  
  120  14:44  Sensor Tower  
  120  14:47  Supply Depot  
  120  14:48  Thor  
  120  14:50  Thor  
  120  14:51  Marine x2  
  120  14:52  Marine x2  
  136  14:53  Reaper x2  
  138  15:08  Missile Turret  
  138  15:09  Marine x2  
  138  15:10  Supply Depot, Reaper x2  
  142  15:14  Terran Infantry Armor Level 3  
  142  15:25  Reaper x2  
  142  15:27  Marine x2  
  146  15:32  Supply Depot  
  146  15:33  Refinery  
  146  15:42  Marine x2  
  148  15:55  Supply Depot  
  148  15:57  Reaper x2  
  148  16:00  Refinery  
  150  16:14  Siege Tank  
  150  16:15  Marine x2, Siege Tank  
  150  16:16  Marine x2  
  150  16:18  Marauder  
  162  16:19  Concussive Shells  
  162  16:22  Building Armor  
  162  16:25  Terran Infantry Weapons Level 3  
  162  16:34  Orbital Command  
  162  16:39  Marauder  
  164  16:47  Siege Tank  
  151  17:47  SCV  
  152  17:59  SCV  
  152  18:04  Terran Vehicle And Ship Armor Level 3, Terran Vehicle Weapons Level 3  
  152  18:05  Terran Ship Weapons Level 3  
  153  18:07  Weapon Refit  
  153  18:12  SCV  
  154  18:17  Marine x2  
  154  18:18  Reaper x2  
  158  18:21  Battlecruiser x2  
  158  18:24  SCV  
  171  18:36  SCV  
  171  18:39  Battlecruiser  
  178  18:48  SCV  
  179  18:50  Behemoth Reactor  
  179  19:00  SCV  
  180  19:38  Medivac x2  
  184  20:13  Command Center  
  184  20:17  Refinery  
  184  20:18  Refinery  
  184  20:52  Battlecruiser  
  184  20:53  Battlecruiser, Banshee  
  199  20:57  Hyperflight Rotors  
  199  20:58  Advanced Ballistics  
  199  20:59  Marine  
  61  22:34  Battlecruiser  
  61  22:35  Battlecruiser  
  73  22:39  Marine  
  73  22:40  Marine x6  
  67  22:57  Marine x4  
  67  22:58  Marine x3  
  63  23:15  Marine x6  
  45  23:40  Medivac  
  45  23:41  Medivac  
  31  24:10  Medivac  
  31  24:11  Medivac  
  35  24:39  Marine x7  
  35  24:42  Command Center, Thor  
  35  24:44  Thor  
  54  24:47  Battlecruiser  
  54  24:48  Battlecruiser  
  66  24:53  SCV  
  66  24:56  Marine  
  66  24:57  Marine x6  
  74  25:05  SCV  
  75  25:14  Marine  
  75  25:15  Marine x6  
  75  25:18  SCV  
  71  25:30  SCV  
  71  25:32  Marine  
  71  25:33  Marine x6  
  79  25:42  SCV  
  80  25:51  Marine  
  80  25:54  Orbital Command  
  80  25:56  Orbital Command  
  81  26:05  Command Center  
  81  26:25  SCV  
  82  26:28  SCV  
  82  26:30  SCV  
  84  26:37  SCV  
  85  26:40  SCV  
  85  26:42  SCV  
  87  26:49  SCV  
  87  26:51  Battlecruiser  
  87  26:52  SCV  
  96  26:54  SCV  
  96  26:55  Marine  
  96  26:56  Marine x6  
  104  27:01  SCV  
  104  27:04  SCV  
  104  27:06  SCV  
  106  27:13  Marine x2, SCV  
  106  27:14  Marine x5  
  114  27:16  SCV  
  114  27:18  SCV  
  114  27:20  Orbital Command  
  116  27:25  Refinery  
  116  27:26  Mag-Field Accelerator  
  116  27:31  Marine x7  
  123  27:49  Marine x7, SCV  
  131  27:53  Medivac  
  133  28:01  SCV  
  134  28:07  Marine  
  134  28:08  SCV  
  136  28:13  SCV  
  136  28:16  SCV  
  136  28:19  Refinery  
  138  28:20  SCV  
  136  28:28  SCV  
  136  28:33  SCV  
  133  28:55  Marine  
  133  28:56  Marine x6  
  140  29:13  Marine  
  140  29:14  Marine x6  
  147  29:28  SCV  
  147  29:30  SCV  
  149  29:31  Marine  
  149  29:32  Marine x6, SCV  
  157  29:40  SCV  
  157  29:41  Banshee  
  157  29:42  SCV, Banshee x2  
  157  29:43  Medivac  
  157  29:44  Medivac, SCV  
  173  29:49  Marine x7  
  173  29:51  Thor  
  186  29:52  SCV  
  186  29:54  SCV  
  186  29:56  SCV  
  189  30:05  SCV  
  189  30:06  SCV  
  189  30:07  Marine x4  
  189  30:08  SCV  
  170  30:17  SCV  
  170  30:18  SCV  
  170  30:20  SCV  
Tags
 
Add a new tag
Caveats
  • Supply blocks, unpowered buildings, or Contaminate may cause inaccurate times.
  • Supply counts are checked every 10 seconds.